 Dungeon Crawl Stone Soup version 0.19.5 (webtiles) character file.

759 Hybris the Cleaver (level 7, -1/60 HPs)
             Began as a Hill Orc Abyssal Knight on Mar 21, 2017.
             Was a Priest of Lugonu.
             Slain by an ogre
             ... wielding a +0 giant club
              (7 damage)
             ... on level 2 of the Dungeon.
             The game lasted 00:13:33 (4393 turns).

Hybris the Cleaver (Hill Orc Abyssal Knight)        Turns: 4393, Time: 00:13:34

Health: -1/60      AC: 12    Str: 17    XL:     7   Next: 80%
Magic:  10/10      EV:  5    Int: 12    God:    Lugonu [***...]
Gold:   192        SH:  0    Dex: 10    Spells: 0 memorised, 6 levels left

rFire  . . .     SeeInvis .     a - +1 hand axe
rCold  . . .     Gourm    .     e - +0 plate armour
rNeg   . . .     Faith    .     (no shield)
rPois  .         Spirit   .     (no helmet)
rElec  .         Reflect  .     (no cloak)
rCorr  .         Harm     .     (no gloves)
MR     .....                    (no boots)
Stlth  ..........               (no amulet)
                                (no ring)
                                (no ring)

@: no status effects
A: no striking features
a: Depart the Abyss, Bend Space, Banish, Renounce Religion


You were on level 2 of the Dungeon.
You worshipped Lugonu.
Lugonu was most pleased with you.
You were hungry.

You visited 1 branch of the dungeon, and saw 4 of its levels.
You visited the Abyss 1 time.

You collected 192 gold pieces.

Inventory:

Hand Weapons
 a - a +1 hand axe (weapon)
Armour
 d - a +0 scale mail
 e - a +0 plate armour (worn)
Jewellery
 q - a +2 ring of slaying {unknown}
Wands
 w - a wand of polymorph (4/24)
Scrolls
 b - a scroll of enchant armour {unknown}
 f - a scroll of remove curse
 k - 3 scrolls of amnesia
 l - a scroll of blinking {unknown}
 n - a scroll of enchant weapon {unknown}
 o - a scroll of identify {unknown}
 p - a scroll of noise
 r - a scroll of teleportation
 t - a scroll of magic mapping {unknown}
 u - a scroll of fog {unknown}
 x - a scroll of fear {unknown}
Potions
 g - 2 potions of lignification {unknown}
 h - 2 potions of cancellation {unknown}
 i - a potion of might {unknown}
 j - a potion of haste {unknown}
Comestibles
 c - 5 bread rations
 m - 4 fruits
 s - 2 meat rations
 v - a beef jerky


   Skills:
 + Level 4.5 Fighting
 - Level 8.0 Axes
 + Level 5.5 Armour
 - Level 0.7 Dodging
 * Level 4.6 Invocations


You had 6 spell levels left.
You didn't know any spells.

Dungeon Overview and Level Annotations

Branches:
Dungeon (4/15)
 Temple: D:4-7

Altars:

Annotations:
D:3 Hybris's ghost, amateur HOFi


Message History

The ball python barely misses you. The ball python grabs you.
The ball python constricts you. The ogre completely misses you.
You escape the ball python's grasp.
You hit the ball python.
The ball python is severely wounded.
The ball python barely misses you. The ball python grabs you.
The ball python constricts you.
You hit the ball python.
You kill the ball python!
Lugonu accepts your kill.
You hit the ogre but do no damage.
The ogre is moderately wounded.
The ogre hits you with a giant club!
There is a stone staircase leading up here.
The ogre hits you with a giant club!
* * * LOW HITPOINT WARNING * * *
You climb upwards.
There is a stone staircase leading down here.
The ogre hits you with a giant club!
You die...

######### #........
#........ #........
#........ #........
##############........
#######>..O........+........
#..........@......##........
#.###...#.........+.........
#.# #...#.........#.#.#####.
#.# #...#.###'#<..#.#.....#.
#.# ###.#.# #.....#.#...#.#.
#.#####.#.#########.#...#.#.
#.#.....#.....<.....#...#.#.
#.#.........................
#.'.....................#.#.


You could see an ogre.

Vanquished Creatures
  Sigmund (D:3)
  Eustachio (D:4)
  A sky beast (D:4)
  3 orc priests
  2 orc wizards (D:4)
  Ijyb (D:2)
  An iguana (D:4)
  A worker ant (D:4)
  2 adders
  A howler monkey skeleton (D:4)
  2 oozes
  An adder skeleton (D:4)
  An adder zombie (D:3)
  3 worms
  4 leopard geckos (D:1)
  13 orcs
  2 ball pythons
  5 giant cockroaches
  8 goblins
  4 hobgoblins
  9 jackals (D:3)
  A quokka (D:2)
  7 bats
  2 frilled lizards
  11 kobolds
  12 rats
99 creatures vanquished.

Notes
Turn   | Place    | Note
-------+----------+-------------------------------------------
     0 | Abyss:1  | Hybris the Hill Orc Abyssal Knight began the quest for the Orb.
     0 | Abyss:1  | Reached XP level 1. HP: 19/19 MP: 2/2
     0 | D:1      | Escaped the Abyss
   272 | D:1      | Reached skill level 3 in Axes
   272 | D:1      | Reached XP level 2. HP: 15/26 MP: 3/3
   578 | D:1      | Reached * piety under Lugonu
   777 | D:1      | Reached skill level 4 in Axes
   787 | D:1      | Reached XP level 3. HP: 31/31 MP: 4/4
  1303 | D:2      | Noticed Ijyb
  1328 | D:2      | Killed Ijyb
  1328 | D:2      | Reached XP level 4. HP: 39/39 MP: 5/5
  1376 | D:2      | Reached skill level 5 in Axes
  1522 | D:2      | Reached ** piety under Lugonu
  1943 | D:3      | Reached XP level 5. HP: 18/45 MP: 6/6
  1982 | D:3      | Noticed Hybris's ghost (amateur HOFi)
  2281 | D:3      | Noticed Sigmund
  2324 | D:3      | Killed Sigmund
  2324 | D:3      | Reached skill level 7 in Axes
  2324 | D:3      | Reached XP level 6. HP: 19/51 MP: 7/7
  3537 | D:4      | Noticed a sky beast
  3562 | D:4      | Killed a sky beast
  3562 | D:4      | Reached skill level 8 in Axes
  3562 | D:4      | Reached XP level 7. HP: 30/57 MP: 8/8
  3740 | D:4      | Reached skill level 5 in Armour
  3862 | D:4      | Reached *** piety under Lugonu
  4179 | D:4      | Noticed Eustachio
  4230 | D:4      | Killed Eustachio
  4393 | D:2      | Slain by an ogre

Skill      XL: |  1  2  3  4  5  6  7 |
---------------+----------------------+-----
Axes           | 3 4 5 7 8 |  8.0
Armour         | 3 4 5 |  5.5
Invocations    | 4 |  4.6
Fighting       | 4 |  4.5
Dodging        | |  0.7

Action                   |  1- 3 |  4- 6 |  7- 9 || total
-------------------------+-------+-------+-------++-------
Melee: Hand axe          |   117 |   209 |   104 ||   430
       Unarmed           |       |       |    10 ||    10
Invok: Depart the Abyss  |     1 |       |       ||     1
  Use: Potion            |       |     1 |       ||     1
       Scroll            |       |     2 |     2 ||     4
  Eat: Chunk             |     1 |     8 |     2 ||    11
Armor: Scale mail        |    11 |       |       ||    11
       Plate armour      |    78 |   156 |    56 ||   290
       Skin              |       |       |     1 ||     1
Dodge: Dodged            |    33 |    42 |    54 ||   129
